 Dungeon Crawl Stone Soup version 0.28.0-45-g0d030f2227 (webtiles) character file.

Game seed: 16708588859215496653

504 nickcage the Firebug (level 6, 0/32 HPs)
             Began as a Deep Elf Fire Elementalist on Apr 4, 2022.
             Was an Initiate of Vehumet.
             Slain by a gnoll
             ... wielding a +0 halberd
              (5 damage)
             ... on level 3 of the Dungeon.
             The game lasted 00:09:54 (4056 turns).

nickcage the Firebug (Deep Elf Fire Elementalist)   Turns: 4056, Time: 00:09:55

Health: 0/32       AC:  4    Str:  5    XL:     6   Next: 96%
Magic:  7/15       EV: 12    Int: 22    God:    Vehumet [......]
Gold:   168        SH:  0    Dex: 15    Spells: 2/14 levels left

rFire   . . .      SeeInvis .   o - +3 short sword (drain)
rCold   . . .      Faith    .   (no shield)
rNeg    . . .      Spirit   .   a - +1 robe
rPois   .          Reflect  .   (no helmet)
rElec   .          Harm     .   (no cloak)
rCorr   .          Rampage  .   (no gloves)
Will    .....                   g - +0 pair of boots
Stlth   ++........              (no amulet)
HPRegen 0.10/turn               (no ring)
MPRegen 0.14/turn               (no ring)

@: no status effects
A: no striking features
a: Renounce Religion


You were on level 3 of the Dungeon.
You worshipped Vehumet.
Vehumet was noncommittal.
You visited 2 branches of the dungeon, and saw 5 of its levels.

You collected 168 gold pieces.

Inventory:

Hand Weapons
 h - a +1 dagger of venom
 o - a +3 short sword of draining (weapon)
Armour
 a - a +1 robe (worn)
 g - a +0 pair of boots (worn)
Jewellery
 k - a ring of ice
Wands
 m - a wand of acid (8)
Scrolls
 b - a scroll of teleportation
 c - a scroll of fear
 l - 2 scrolls of enchant armour
Potions
 d - a potion of brilliance {unknown}
 e - a potion of haste {unknown}
 f - a potion of invisibility {unknown}
 i - 3 potions of curing {unknown}
 j - a potion of degeneration {unknown}
 n - a potion of mutation {unknown}


   Skills:
 - Level 2.4 Dodging
 - Level 2.4 Stealth
 + Level 4.7 Spellcasting
 * Level 2.2 Conjurations
 + Level 7.8 Fire Magic


You had 2 spell levels left.
You knew the following spells:

 Your Spells              Type           Power      Damage    Failure   Level
b - Scorch                Fire           78%        2d9       1%          2
c - Flame Wave            Conj/Fire      27%        2d7       13%         4
d - Starburst             Conj/Fire      13%        6d6       89%         6

Your spell library contained the following spells:

 Spells                   Type           Power      Damage    Failure   Level
 Foxfire                  Conj/Fire      100%       2x1d9     1%          1
 Animate Skeleton         Necr           10%        N/A       11%         1
 Apportation              Tloc           10%        N/A       11%         1
 Summon Small Mammal      Summ           20%        N/A       11%         1
 Conjure Flame            Conj/Fire      27%        6-21      3%          3
 Inner Flame              Hex/Fire       22%        N/A       6%          3
 Ignite Poison            Fire/Tmut/Pois 16%        N/A       11%         3
 Dazzling Flash           Conj/Hex       20%        N/A       21%         3
 Mephitic Cloud           Conj/Pois/Air  8%         N/A       22%         3
 Iskenderun's Mystic Bla  Conj/Tloc      10%        2d4       54%         4
 Freezing Cloud           Conj/Ice/Air   4%         6-21      91%         5


Dungeon Overview and Level Annotations

Branches:
Dungeon (4/15)             Temple (1/1) D:4

Altars:
Cheibriados
Dithmenos
Elyvilon
Fedhas
Gozag
Hepliaklqana
Makhleb
Nemelex Xobeh
Okawaru
Qazlal
Vehumet
Yredelemnul
Zin

Annotations:
D:4 2 transporters, gzilladon's ghost, amateur HOMo


Message History

The orc priest shouts!
A gnoll comes into view. It is wielding a +0 whip.
A gnoll comes into view. It is wielding a +0 flail.
An orc comes into view. It is wielding a +0 club.
The orc shouts!
The gnoll closely misses you.
Flames lash the orc.
You kill the orc!
Vehumet accepts your kill.
Flames lash the gnoll.
The gnoll is moderately wounded.
The gnoll's fire resistance burns away.
You hear a shout!
Flames lash the endoplasm.
You kill the endoplasm!
Vehumet accepts your kill.
You hear a shout!
Flames lash the gnoll.
The gnoll is heavily wounded.
The gnoll's fire resistance burns away.
The gnoll misses you.
The gnoll hits you from afar with a +0 halberd!
The gnoll is no longer more vulnerable to fire.
The orc priest invokes the aid of Beogh against you.
Beogh smites you!
You see here a ball python corpse.
The gnoll barely misses you. The gnoll closely misses you.
The gnoll misses you. The gnoll hits you with a +0 halberd!
* * * LOW HITPOINT WARNING * * *
There is a stone staircase leading up, spattered with blood here.
The gnoll closely misses you. The gnoll barely misses you.
You climb upwards.
There is a stone staircase leading down here.
You are too injured to fight recklessly!
Casting: Scorch (safe; 1% risk of failure)
Press: ? - help, Q - select action, (/) - cycle Dir - look around, f - activate Flames lash the gnoll.
You kill the gnoll!
Vehumet accepts your kill. The gnoll hits you with a +0 halberd.
You die...

............>...........#.#..##.#
..########.#.#...............##.#
†## #.......#.##..##.......# ..#
#.............####...### .##
###..........## #...# ##
###########....#### #...#
#.......# #.....# #...# ##
#.......# #..)..#######...### .##
#.......###.@.............).. ..#
#..........g................. .##
#.......###................). .#
#.......# ##....#######...### .#
#.......# #....# #...#
.############ #.#### #...# #...#
######## #.# #>..# ###.# #......#
#.# #...# ###.###.####.# #.#
#...###


You could see a gnoll.

Vanquished Creatures
  Sigmund (D:2)
  An ogre (D:4)
  2 howler monkeys (D:4)
  Jessica (D:2)
  An iguana (D:3)
  5 gnolls (D:3)
  3 adders
  An adder skeleton (D:4)
  A worm (D:3)
  3 dart slugs
  2 orcs (D:4)
  8 endoplasms
  9 goblins
  7 hobgoblins
  A kobold (D:3)
  4 quokkas
  5 ball pythons
  2 bats (D:3)
  A frilled lizard (D:2)
  5 rats
63 creatures vanquished.

Vanquished Creatures (others)
  13 foxfires (D:1)
13 creatures vanquished.

Grand Total: 76 creatures vanquished

Notes
Turn   | Place    | Note
-------+----------+-------------------------------------------
     0 | D:1      | nickcage the Deep Elf Fire Elementalist began the quest for
                  | the Orb.
     0 | D:1      | Reached XP level 1. HP: 10/10 MP: 6/6
   277 | D:1      | Reached XP level 2. HP: 15/15 MP: 6/8
   280 | D:1      | Learned a level 2 spell: Scorch
   321 | D:1      | Reached skill level 4 in Fire Magic
   595 | D:1      | Found a faded altar of an unknown god.
   954 | D:2      | Reached XP level 3. HP: 19/19 MP: 4/9
  1077 | D:2      | Noticed Sigmund
  1185 | D:2      | Killed Sigmund
  1186 | D:2      | Reached skill level 6 in Fire Magic
  1186 | D:2      | Reached XP level 4. HP: 14/24 MP: 3/10
  1186 | D:2      | Reached XP level 5. HP: 16/28 MP: 3/11
  1481 | D:2      | Noticed Jessica
  1482 | D:2      | Killed Jessica
  1483 | D:2      | Reached skill level 7 in Fire Magic
  1488 | D:2      | Learned a level 4 spell: Flame Wave
  2155 | D:3      | Reached XP level 6. HP: 22/32 MP: 7/13
  2677 | D:3      | Found a basalt altar of Yredelemnul.
  3176 | D:4      | Learned a level 6 spell: Starburst
  3571 | D:4      | Found a staircase to the Ecumenical Temple.
  3590 | Temple   | Entered the Ecumenical Temple
  3695 | Temple   | Became a worshipper of Vehumet
  3858 | D:4      | Found a transporter.
  3868 | D:4      | Found a transporter.
  3875 | D:4      | Noticed gzilladon's ghost (amateur HOMo)
  3896 | D:4      | Found a stormy altar of Qazlal.
  3937 | D:4      | Found an opulent altar of Gozag.
  4056 | D:3      | Slain by a gnoll

Illustrated notes

Levels and vault maps discovered:
D:1:      minmay_arrival_shoal_huts, layout_loops_ring,
          chequers_ecumenical_altar_simple_redux
D:2:      layout_basic, uniq_sigmund, uniq_jessica
D:3:      layout_loops_cross, nicolae_overflow_hidden_temple,
          lemuel_crystal_altar
D:4:      layout_basic, grunt_qazlal_sundering, nicolae_gozag_seed_capital,
          lemuel_coloured_pillars_altar, minmay_temple_entry_crystal_x,
          gammafunk_ghost_smash, kennysheep_doodads, st_stairs_12
Temple:   compressed_dpeg_circular_temple

Skill      XL: |  1  2  3  4  5  6 |
---------------+-------------------+-----
Fire Magic     | 4 6 7 |  7.8
Spellcasting   | 4 |  4.7
Conjurations   | 2 |  2.2
Dodging        | |  2.4
Stealth        | |  2.4

Action                   |  1- 3 |  4- 6 || total
-------------------------+-------+-------++-------
Melee: Short sword       |     6 |       ||     6
       Unarmed           |     1 |       ||     1
       Dagger            |     1 |     4 ||     5
 Cast: Foxfire           |     8 |       ||     8
       Scorch            |    15 |    62 ||    77
  Use: Scroll            |       |     7 ||     7
 Stab: Sleeping          |     3 |       ||     3
Armor: Robe              |     1 |     1 ||     2
Dodge: Dodged            |     7 |    13 ||    20
